 Dungeon Crawl Stone Soup version 0.29.1-15-g9cfb28693d (webtiles) character file.

Game seed: 15012744474020458561

327 cdecastro the Cleaver (level 6, -1/51 HPs)
             Began as a Hill Orc Fighter on Feb 24, 2023.
             Was a Follower of Qazlal.
             Killed from afar by an orc wizard (9 damage)
             ... with a magic dart
             ... on level 4 of the Dungeon.
             The game lasted 00:06:08 (3677 turns).

cdecastro the Cleaver (Hill Orc Fighter)            Turns: 3677, Time: 00:06:09

Health: -1/51      AC:  9    Str: 21    XL:     6   Next: 50%
Magic:  6/6        EV:  7    Int:  8    God:    Qazlal [*.....]
Gold:   137        SH:  1    Dex: 10    Spells: 5/5 levels left

rFire   . . .      SeeInvis .   a - +0 war axe
rCold   . . .      Faith    .   (no shield)
rNeg    . . .      Spirit   .   k - +0 chain mail
rPois   .          Reflect  .   (no helmet)
rElec   .          Harm     .   (no cloak)
rCorr   .          Rampage  .   (no gloves)
Will    .....                   (no boots)
Stlth   ..........              (no amulet)
HPRegen 0.17/turn               (no ring)
MPRegen 0.10/turn               (no ring)

@: no status effects
A: no striking features
a: Renounce Religion


You were on level 4 of the Dungeon.
You worshipped Qazlal.
Qazlal was aware of your devotion.
You visited 1 branch of the dungeon, and saw 4 of its levels.

You collected 176 gold pieces.
You spent 39 gold pieces at shops.

Inventory:

Hand Weapons
 a - a +0 war axe (weapon)
Missiles
 u - 5 poisoned darts (quivered)
Armour
 b - a +0 scale mail
 c - a +0 buckler
 k - a +0 chain mail (worn)
 t - a +0 pair of boots
Jewellery
 g - a ring of willpower
Wands
 o - a wand of polymorph (10)
Scrolls
 e - 4 scrolls of teleportation
 h - a scroll of magic mapping {unknown}
 j - 2 scrolls of fear {unknown}
 m - a scroll of vulnerability {unknown}
 s - 2 scrolls of identify {unknown}
Potions
 d - 2 potions of might
 f - 2 potions of curing {unknown}
 i - 2 potions of haste {unknown}
 l - a potion of degeneration {unknown}
 n - a potion of invisibility {unknown}
 p - 2 potions of magic {unknown}
 q - a potion of mutation {unknown}
 r - a potion of resistance {unknown}


   Skills:
 - Level 3.6 Fighting
 + Level 8.8 Axes
 - Level 3.2 Armour
 - Level 3.2 Shields


You had 5 spell levels left.
You didn't know any spells.
Your spell library was empty.

Dungeon Overview and Level Annotations

Branches:
Dungeon (4/15)
 Temple: D:4-7

Altars:
Qazlal

Shops:
D:1 [   D:2 ?


Message History

You see here a +0 whip.
You closely miss the orc wizard.
The orc wizard hits you with a +2 dagger of electrocution.
You are electrocuted!
* * * LOW HITPOINT WARNING * * *
You barely miss the orc wizard.
The orc wizard hits you but does no damage.
You hit the orc wizard but do no damage.
The orc wizard hits you but does no damage.
You closely miss the orc wizard.
The orc wizard hits you but does no damage.
You closely miss the orc wizard. The orc wizard casts a spell at you.
You are confused.
You closely miss the orc wizard. The orc wizard barely misses you.
You slash the orc wizard!
The orc wizard is severely wounded.
The orc wizard hits you with a +2 dagger of electrocution.
* * * LOW HITPOINT WARNING * * *
You bump into the rock wall.
The orc wizard casts a spell at you. The magic dart hits you.
* * * LOW HITPOINT WARNING * * *
You bump into the rock wall.
The orc wizard hits you with a +2 dagger of electrocution.
* * * LOW HITPOINT WARNING * * *
You're too confused to move!
You feel less confused.
The orc wizard mumbles some strange words.
The orc wizard flickers and vanishes!
You miss something.
You hear some strange, mumbled words.
A puff of flame appears from out of thin air!
The puff of flame hits you!
* * * LOW HITPOINT WARNING * * *
You barely miss something.
You hear some strange, mumbled words.
A magic dart appears from out of thin air!
The magic dart hits you!
You die...

#g# #+## #.# #o# .#
#.# ######.# #)#
#<...... #.#
#.#......# ##.##
##.#.#....#
##..g####....##...#
#..ogoo{@.#..##....
##...####....##.#.#
##.## ####.##.#.#
### #.##.#.#
#......# ####.###
#########.#
..........# ######
#..#####..####.....


You could see 2 gnolls and 3 orcs.

Vanquished Creatures
  A howler monkey (D:4)
  A hound (D:4)
  2 orc wizards (D:4)
  2 adders
  11 gnolls
  2 worms (D:3)
  A dart slug (D:3)
  4 orcs (D:4)
  8 endoplasms
  4 giant cockroaches
  6 hobgoblins
  3 jackals (D:3)
  4 quokkas
  7 ball pythons
  5 bats
  8 frilled lizards
  10 goblins
  5 kobolds
  8 rats
92 creatures vanquished.

Notes
Turn   | Place    | Note
-------+----------+-------------------------------------------
     0 | D:1      | cdecastro the Hill Orc Fighter began the quest for the Orb.
     0 | D:1      | Reached XP level 1. HP: 19/19 MP: 1/1
    37 | D:1      | Reached skill level 3 in Axes
   241 | D:1      | Reached XP level 2. HP: 26/26 MP: 2/2
   278 | D:1      | Found Dalel's Armour Shop.
   359 | D:1      | Reached skill level 4 in Axes
   476 | D:1      | Reached XP level 3. HP: 31/31 MP: 3/3
   574 | D:1      | Found a faded altar of an unknown god.
   833 | D:2      | Found a stormy altar of Qazlal.
   836 | D:2      | Found Xuypi's Magic Scroll Boutique.
   843 | D:2      | Bought a scroll of teleportation for 39 gold pieces
   915 | D:1      | Reached skill level 5 in Axes
  1076 | D:2      | Reached XP level 4. HP: 33/39 MP: 4/4
  1605 | D:2      | Reached skill level 6 in Axes
  2115 | D:2      | Became a worshipper of Qazlal Stormbringer
  2189 | D:3      | Reached XP level 5. HP: 42/45 MP: 5/5
  2700 | D:4      | Reached skill level 7 in Axes
  3040 | D:4      | Reached skill level 8 in Axes
  3040 | D:4      | Reached XP level 6. HP: 39/51 MP: 6/6
  3264 | D:4      | Reached * piety under Qazlal
  3677 | D:4      | Killed from afar by an orc wizard

Illustrated notes

Levels and vault maps discovered:
D:1:      dpeg_arrival_lava_temple_mockup, layout_rooms, basic_ecumenical_altar,
          serial_shops, nicolae_shop_statue_plus, minmay_hexomino_c4
D:2:      layout_basic, basic_altar, serial_shops, shop
D:3:      layout_rooms, minmay_misc_feat_four_crosses
D:4:      layout_loops_corners

Skill      XL: |  1  2  3  4  5 |
---------------+----------------+-----
Axes           | 3 4 5 6 8 |  8.8
Fighting       | |  3.6
Armour         | |  3.2
Shields        | |  3.2

Action                   |  1- 3 |  4- 6 || total
-------------------------+-------+-------++-------
Melee: War axe           |    74 |   181 ||   255
Armor: Scale mail        |    64 |    46 ||   110
       Chain mail        |       |    50 ||    50
Dodge: Dodged            |    74 |    72 ||   146
Block: Other             |       |     1 ||     1
